 Dungeon Crawl Stone Soup version 0.31-a0-455-g1a7b003ef0 (webtiles) character file.

Game seed: 11783664586187164895

4768 ytrimaz the Mimic (level 10, -3/65 HPs)
             Began as a Demonspawn Shapeshifter on Aug 4, 2023.
             Was a Priest of Okawaru.
             Slain by a boulder beetle (11 damage)
             ... on level 9 of the Dungeon.
             The game lasted 00:11:57 (8525 turns).

ytrimaz the Mimic (Demonspawn Shapeshifter)         Turns: 8525, Time: 00:11:57

Health: -3/65      AC: 14    Str: 17    XL:     10   Next: 23%
Magic:  0/11       EV: 15    Int:  9    God:    Okawaru [***...]
Gold:   1210       SH:  0    Dex: 14    Spells: 9/9 levels left

rFire   . .          .
                       - Unarmed
rCold   x . .        (no shield)
rNeg    + + +        k - +6 scale mail "Naunaun" {rC- rN+++ Regen+ Str-3}
rPois   .            (helmet currently unavailable)
rElec   .            (cloak currently unavailable)
rCorr   .            (gloves currently unavailable)
SInv    .            (boots currently unavailable)
Will    .....        (no amulet) Stlth
                     o - +5 ring of evasion
HPRegen 1.10/turn    (no ring)
MPRegen 0.24/turn

%: guardian spirit
@: beast-form
A: beast (slay +6), antennae 1, icy blue scales 1, spiny 1, magic shield, magic
regeneration, magic link
a: Begin Untransformation, Renounce Religion, Heroism


You were on level 9 of the Dungeon.
You worshipped Okawaru.
Okawaru was most pleased with you.
You were a hulking beast.
You visited 2 branches of the dungeon, and saw 10 of its levels.
You also visited: Sewer.

You collected 1369 gold pieces.
You spent 159 gold pieces at shops.


Innate Abilities, Weirdness & Mutations

You are a hulking beast.
Your limbs bulge with bestial killing power. (Slay +6)
You have a pair of small antennae on your head.
You are partially covered in icy blue scales. (AC +2)
You are partially covered in sharp spines.
When hurt, damage is shared between your health and your magic reserves.
You regenerate magic rapidly.
When low on magic, you restore magic in place of health.


   Skills:
 - Level 1.0 Fighting
 - Level 1.7 Dodging
 + Level 8.5 Unarmed Combat
 * Level 1.9 Invocations
 * Level 9.9 Shapeshifting


You had 9 spell levels left.
You didn't know any spells.
Your spell library contained the following spells:

 Spells                   Type           Power      Damage    Failure   Level
 Kiss of Death            Conj/Necr      0%         2d5       83%         1
 Magic Dart               Conj           0%         1d3       83%         1
 Searing Ray              Conj           0%         2d4       92%         2
 Sublimation of Blood     Necr           0%         N/A       92%         2
 Vhi's Electric Charge    Tloc/Air       0%         N/A       99%         3
 Fulminant Prism          Conj/Hex       0%         3d5       100%        4
 Petrify                  Tmut/Erth      0%         N/A       100%        4
 Arcjolt                  Conj/Air       0%         1d10      100%        5
 Irradiate                Conj/Tmut      0%         3d11      100%        5
 Plasma Beam              Fire/Air       0%         2x1d10    100%        6

Inventory:

Missiles
 j - a throwing net
Armour
 a - a +0 animal skin
 d - a +0 cloak
   (You found it on level 1 of the Dungeon)
 e - a +0 helmet
   (You found it on level 1 of the Dungeon)
 g - a +0 pair of boots
   (You found it on level 2 of the Dungeon)
 k - the +6 scale mail "Naunaun" (worn) {rC- rN+++ Regen+ Str-3}
   (You found it on level 2 of the Dungeon)

   Str:       It affects your strength (-3).
   rC:        It makes you vulnerable to cold.
   rN:        It renders you almost immune to negative energy.
   Regen:     It increases your rate of health regeneration.
Jewellery
 o - a +5 ring of evasion (left hand)
   (You found it on level 3 of the Dungeon)
Talismans
 c - a beast talisman (active)
 l - a storm talisman
   (You found it on level 6 of the Dungeon)
Wands
 b - a wand of roots (5)
   (You took it off Erica on level 8 of the Dungeon)
 p - a wand of light (7) (quivered)
   (You took it off Ijyb on level 3 of the Dungeon)
Scrolls
 f - 4 scrolls of fog
 n - 2 scrolls of vulnerability
 q - 2 scrolls of revelation
 s - a scroll of brand weapon
 t - 2 scrolls of immolation
 u - 4 scrolls of teleportation
 w - a scroll of poison
 x - 2 scrolls of blinking
 y - a scroll of identify
 z - a scroll of silence
Potions
 h - a potion of resistance
 i - 6 potions of curing
 m - a potion of ambrosia
 r - 6 potions of enlightenment
 v - 3 potions of mutation
 A - 2 potions of magic

Dungeon Overview and Level Annotations

Branches:
Dungeon (9/15) Zot: 26846  Temple (1/1) D:6 Zot: 5969   Sewer (visited)
   Lair: D:8-11         Orc: D:9-12

Altars:
Ashenzari
Cheibriados
Dithmenos
Fedhas
Gozag
Hepliaklqana
Kikubaaqudgha
Makhleb
Nemelex Xobeh
Okawaru
Ru
Sif Muna
Trog
Uskayaw
Vehumet
Wu Jian
Xom
Yredelemnul

Shops:
D:4 ?   D:8 :

Annotations:
D:6 1 runed translucent door, Crazy Yiuf
D:8 2 transporters

#..... ##. ...... #..
...... # .. ###.....
##.#. #..... .
#..#.##...##...
#.....#..........
#..B<.......$##
#.h#○.........##...
#.....##......_........
#........B.............
#........°.............
##.................##..
######.>##..###...#...
#####....#.......
##...........
###...#.....


You could see a boulder beetle.


Message History

The bullfrog attacks as you move away! The bullfrog is struck by your spines.
You kill the bullfrog!
Okawaru accepts your kill. 😮 HP[+1] MP[+1]
A centaur comes into view.
There is a stone staircase leading up here. 😮 HP[+1]
The centaur shouts! 😮 MP[+1] 😕 HP[+2]
You regained 2 hp, and now have 50/65 hp.
The acid dragon closely misses you.
The acid dragon claws you but does no damage.
You climb upwards.
Level annotation: 2 transporters
There is a stone staircase leading down here. 😕 HP[+1] MP[+2]
Your mp is fully restored (11).
Unknown command.
You barely miss the acid dragon. The acid dragon misses you.
The acid dragon claws you but does no damage. 😕 HP[+1]
You hit the acid dragon but do no damage.
The acid dragon spits acid at you. The splash of acid hits you!!
* * * LOW HITPOINT WARNING * * *
The acid corrodes you! 😨 HP[-23] MP[-4]
You take 23 damage, and now have 29/65 hp.
MASSIVE DAMAGE!! (PAUSE)
You lost 4 mp, and now have 7/11 mp.
You completely miss the acid dragon. The acid dragon bites you!
* * * LOW HITPOINT WARNING * * *
The acid dragon closely misses you. 😨 HP[-8] MP[-2]
You take 8 damage, and now have 21/65 hp.
You lost 2 mp, and now have 5/11 mp.
You punch the acid dragon! Your punch misses the acid dragon.
The acid dragon misses you.
The acid dragon claws you but does no damage. 😨 HP[+1]
You hit the acid dragon. 😨 MP[+1] Unknown command.
You hit the acid dragon.
The acid dragon is struck by your spines.
You kill the acid dragon!
Okawaru accepts your kill. 😨 MP[+1] 😨 MP[+2]
You regained 2 mp, and now have 9/11 mp.
You start resting.
You are no longer corroded. 😨 HP[+9] MP[+2]
You regained 9 hp, and now have 31/65 hp.
Your mp is fully restored (11).
There is a stone staircase leading down, spattered with blood here. 😨 HP[+1]
You start resting. 😎 HP[+33]
Your hp is fully restored (65).
Unknown command.
There is a stone staircase leading down here.
You climb downwards.
The boulder beetle curls into a ball and begins rolling!
Found a stone staircase leading down.
There is a stone staircase leading up here.
Unknown command.
Okay, then.
The boulder beetle hits you!!!
Ouch! That really hurt!
* * * LOW HITPOINT WARNING * * *
The boulder beetle stops rolling and uncurls. 😨 HP[-38] MP[-6]
You take 38 damage, and now have 27/65 hp.
MASSIVE DAMAGE!! (PAUSE)
You lost 6 mp, and now have 5/11 mp.
You hit the boulder beetle. The boulder beetle bites you!
* * * LOW HITPOINT WARNING * * *
😨 HP[-10] MP[-1]
You take 10 damage, and now have 17/65 hp.
You lost 1 mp, and now have 4/11 mp.
You hit the boulder beetle.
Unknown command.
You hit the boulder beetle. The boulder beetle bites you!
* * * LOW HITPOINT WARNING * * *
😱 HP[-10] MP[-1]
You take 10 damage, and now have 7/65 hp.
You lost 1 mp, and now have 3/11 mp.
You punch the boulder beetle!
The boulder beetle bites you but does no damage. 😱 HP[+1] Unknown command.
You hit the boulder beetle.
You punch the boulder beetle, but do no damage.
The boulder beetle barely misses you. 😱 MP[+2]
You regained 2 mp, and now have 5/11 mp.
You hit the boulder beetle. The boulder beetle bites you!
You die...

Skill      XL: |  1  2  3  4  5  6  7  8  9 10 |
---------------+-------------------------------+-----
Shapeshifting  | 3 4 5 6 8 9 |  9.9
Unarmed Combat | 3 4 5 7 8 |  8.5
Invocations    | 1 |  1.9
Fighting       | |  1.0
Dodging        | |  1.7

Action                     |  1- 3 |  4- 6 |  7- 9 | 10-12 || total
---------------------------+-------+-------+-------+-------++-------
  Melee: Unarmed           |    84 |   169 |   295 |    28 ||   576
         Punch             |     2 |     6 |    10 |     2 ||    20
  Evoke: Wand              |       |     1 |     4 |       ||     5
    Use: Scroll            |     2 |     4 |     7 |     1 ||    14
         Potion            |       |       |     6 |       ||     6
   Stab: Sleeping          |     1 |       |       |       ||     1
 Armour: Animal skin       |    10 |       |       |       ||    10
         Scale mail        |    20 |    77 |   127 |    15 ||   239
         Skin              |       |       |    25 |     4 ||    29
  Dodge: Dodged            |    34 |   117 |   174 |    16 ||   341
   Form: Storm             |       |       |     1 |       ||     1
         Beast             |       |       |     1 |       ||     1

Levels and vault maps discovered:
D:1:      saegor_arrival_fortress, layout_loops_ring,
          dilly_ecumenical_altar_fadedgnrine
D:2:      layout_basic
D:3:      layout_basic, uniq_ijyb
D:4:      layout_layer_cave, palyth_temple_overflow_mages, kennysheep_mini,
          lightli_sewer_entry_pipes, serial_shops, shop
D:5:      layout_basic, tso_oasis_becter, lemuel_doored_altar,
          amethyst_killhole, nrook_mini_backslash, minmay_misc_feat_enclosed,
          dreamdust_mushroom_princess
D:6:      layout_gridville, nicolae_wu_jian_immortal_techniques,
          minmay_temple_entry_butterflies, uniq_pikel, uniq_eustachio,
          uniq_crazy_yiuf_cottage
D:7:      layout_loops_corners, trog_wizard
D:8:      layout_basic, bloody_makhleb, serial_shops, shop,
          gammafunk_ghost_gnarly_gnolls, nicolae_figureground_pulse, uniq_erica
D:9:      layout_cave_pools, overflow_temple_1_default, david_lair_shrubbed
Temple:   hellmonk_temple_divided_pantheon

Notes
Turn   | Place    | Note
-------+----------+-------------------------------------------
     0 | D:1      | ytrimaz the Demonspawn Shapeshifter began the quest for the
                  | Orb.
     0 | D:1      | Reached XP level 1. HP: 15/15 MP: 1/1
     0 | D:1      | magus.rc [v1.9.6]
   300 | D:1      | Reached skill level 3 in Shapeshifting
   300 | D:1      | Gained mutation: You are partially covered in sharp spines.
                  | [demonic ancestry]
   300 | D:1      | Reached XP level 2. HP: 19/21 MP: 2/2
   363 | D:1      | Reached skill level 3 in Unarmed Combat
   715 | D:1      | Found a faded altar of an unknown god.
   969 | D:2      | Gained mutation: You have a pair of small antennae on your
                  | head. [demonic ancestry]
   969 | D:2      | Reached XP level 3. HP: 26/26 MP: 3/3
   972 | D:2      | You pick up a book of Conjurations and begin reading...
   972 | D:2      | You add the spells Magic Dart, Searing Ray and Fulminant
                  | Prism to your library.
  1196 | D:2      | Identified the +6 scale mail "Naunaun" {rC- rN+++ Regen+
                  | Str-3}
  1815 | D:3      | Gained mutation: You regenerate magic rapidly. [demonic
                  | ancestry]
  1815 | D:3      | Reached XP level 4. HP: 25/32 MP: 4/4
  1833 | D:3      | Noticed Ijyb
  1857 | D:3      | HP: 8/32 [Ijyb/bolt of light (12)]
  1861 | D:3      | Killed Ijyb
  1875 | D:3      | Reached skill level 4 in Shapeshifting
  1916 | D:3      | Gained mutation: When hurt, damage is shared between your
                  | health and your magic reserves. [demonic ancestry]
  1916 | D:3      | Reached XP level 5. HP: 37/37 MP: 5/5
  2365 | D:3      | Reached skill level 4 in Unarmed Combat
  2621 | D:4      | Reached XP level 6. HP: 42/43 MP: 4/6
  2661 | D:4      | Found a glowing drain.
  2669 | Sewer    | Entered a sewer
  2900 | Sewer    | Reached skill level 5 in Shapeshifting
  3201 | D:4      | Reached XP level 7. HP: 42/48 MP: 5/7
  3246 | D:4      | Found Dasuh's Magic Scroll Boutique.
  3257 | D:4      | Bought a scroll of blinking for 82 gold pieces
  3257 | D:4      | Bought a scroll of fog for 44 gold pieces
  3257 | D:4      | Bought a scroll of teleportation for 33 gold pieces
  3325 | D:4      | Reached skill level 5 in Unarmed Combat
  3556 | D:4      | Found a broken altar of Ashenzari.
  3849 | D:4      | Identified the +8 broad axe of the Hierophant {heavy,
                  | *Noise rF+ Int+3}
  4040 | D:4      | Found a shimmering blue altar of Sif Muna.
  4050 | D:4      | Found an ancient bone altar of Kikubaaqudgha.
  4074 | D:4      | Reached skill level 6 in Shapeshifting
  4091 | D:4      | Found a radiant altar of Vehumet.
  4108 | D:4      | Got Kikubaaqudgha's Volume of Lamentation
  4381 | D:5      | Entered Level 5 of the Dungeon
  4435 | D:5      | Gained mutation: You are partially covered in icy blue
                  | scales. (AC +2) [demonic ancestry]
  4435 | D:5      | Reached XP level 8. HP: 53/54 MP: 6/8
  4612 | D:5      | Found a hazy altar of Hepliaklqana.
  4892 | D:5      | Reached skill level 6 in Unarmed Combat
  4892 | D:5      | Reached skill level 7 in Shapeshifting
  5106 | D:5      | You pick up a book of Alchemy and begin reading...
  5106 | D:5      | You add the spells Sublimation of Blood, Petrify and
                  | Irradiate to your library.
  5298 | D:6      | Found an ornate altar of the Wu Jian Council.
  5525 | D:6      | Found a staircase to the Ecumenical Temple.
  5552 | Temple   | Found a transporter.
  5552 | Temple   | Found a transporter.
  5552 | Temple   | Found a transporter.
  5552 | Temple   | Found a transporter.
  5552 | Temple   | Entered the Ecumenical Temple
  5566 | Temple   | Became a worshipper of Warmaster Okawaru
  5732 | D:6      | Noticed Pikel
  5754 | D:6      | HP: 19/81 [gnoll/+0 halberd (7)]
  5755 | D:6      | Killed Pikel
  5755 | D:6      | Reached * piety under Okawaru
  5756 | D:6      | Reached skill level 7 in Unarmed Combat
  5756 | D:6      | Reached skill level 8 in Shapeshifting
  5756 | D:6      | Gained mutation: When low on magic, you restore magic in
                  | place of health. [demonic ancestry]
  5756 | D:6      | Reached XP level 9. HP: 14/59 MP: 1/9
  5759 | D:6      | HP: 16/88 [gnoll/+0 halberd (4)]
  5766 | D:6      | HP: 21/88 [gnoll/+0 halberd (3)]
  5842 | D:6      | You pick up a book of Lightning and begin reading...
  5842 | D:6      | You add the spells Vhi's Electric Charge, Arcjolt and
                  | Plasma Beam to your library.
  5966 | D:6      | Noticed Eustachio
  5971 | D:6      | Killed Eustachio
  6075 | D:6      | Found a runed translucent door.
  6076 | D:6      | Noticed Crazy Yiuf
  6559 | D:7      | Reached ** piety under Okawaru
  6802 | D:7      | Reached skill level 9 in Shapeshifting
  7262 | D:7      | Reached skill level 8 in Unarmed Combat
  7321 | D:7      | Found a bloodstained altar of Trog.
  7324 | D:7      | Noticed a wizard
  7330 | D:7      | Killed a wizard
  7333 | D:7      | Identified a scroll of acquirement
  7336 | D:7      | Acquired 738 gold pieces
  7409 | D:8      | Noticed Erica
  7854 | D:8      | Found a burning altar of Makhleb.
  7979 | D:8      | Killed Erica
  7979 | D:8      | Reached *** piety under Okawaru
  7980 | D:8      | Reached XP level 10. HP: 37/65 MP: 5/10
  8135 | D:8      | Found Neodeh's Book Shop.
  8185 | D:8      | Identified the +8 scale mail "Irovotar" {Str+2}
  8188 | D:8      | Identified the ring of Fiaf Avi {rF+ Slay+5}
  8231 | D:8      | Reached skill level 1 in Invocations
  8264 | D:8      | Found a transporter.
  8264 | D:8      | Found a transporter.
  8419 | D:9      | Noticed a boulder beetle
  8423 | D:9      | Noticed a two-headed ogre
  8522 | D:9      | HP: 7/65 [boulder beetle (10)]
  8525 | D:9      | Slain by a boulder beetle

Vanquished Creatures
  Erica (D:8)
  Pikel (D:6)
  Eustachio (D:6)
  A steam dragon (D:8)
  An acid dragon (D:8)
  3 water moccasins
  An orc warrior (D:8)
  4 black bears
  3 sky beasts
  2 ogres
  A lemure (D:6)
  A phantom (D:6)
  2 bullfrogs
  2 scorpions
  5 wights (D:7)
  4 killer bees (D:7)
  2 hounds (D:5)
  2 jellies
  A gnoll bouda (D:6)
  7 orc priests
  A sleepcap (D:5)
  3 iguanas
  16 orc wizards
  Ijyb (D:3)
  18 gnolls
  13 adders
  7 river rats
  A white imp (D:7)
  2 ufetubi
  3 worms
  3 dart slugs
  36 orcs
  7 bats
  4 endoplasms
  5 giant cockroaches
  9 goblins
  7 hobgoblins
  8 jackals
  7 quokkas
  8 ball pythons
  9 frilled lizards
  5 kobolds
  5 rats
223 creatures vanquished.

Vanquished Creatures (others)
  A wizard (D:7)
1 creature vanquished.

Grand Total: 224 creatures vanquished

Table legend:
 A = Non-vault XP
 B = Vault XP
 C = Vault XP percentage of total XP
 D = Non-vault monster count
 E = Vault monster count
 F = Vault count percentage of total count
                 A         B        C        D         E       F
            +---------+---------+-------+---------+---------+-------
      Total |    4671 |    2141 |  31.4 |     176 |      46 |  20.7
            +---------+---------+-------+---------+---------+-------
        D:1 |      34 |       0 |   0.0 |      19 |       0 |   0.0
        D:2 |      33 |       0 |   0.0 |      18 |       0 |   0.0
        D:3 |     218 |      32 |  12.8 |      24 |       1 |   4.0
        D:4 |     454 |     291 |  39.1 |      23 |      13 |  36.1
        D:5 |     780 |       0 |   0.0 |      28 |       0 |   0.0
        D:6 |    1048 |     825 |  44.0 |      28 |       2 |   6.7
        D:7 |    1263 |       0 |   0.0 |      21 |       0 |   0.0
        D:8 |     751 |     828 |  52.4 |      14 |       1 |   6.7
        D:9 |      90 |       0 |   0.0 |       1 |       0 |   0.0
      Sewer |       0 |     165 | 100.0 |       0 |      29 | 100.0
            +---------+---------+-------+---------+---------+-------

Skill      XL: |  1  2  3  4  5  6  7  8  9 10 |
---------------+-------------------------------+-----
Shapeshifting  | 3 4 5 6 8 9 |  9.9
Unarmed Combat | 3 4 5 7 8 |  8.5
Invocations    | 1 |  1.9
Fighting       | |  1.0
Dodging        | |  1.7

Action                     |  1- 3 |  4- 6 |  7- 9 | 10-12 || total
---------------------------+-------+-------+-------+-------++-------
  Melee: Unarmed           |    84 |   169 |   295 |    28 ||   576
         Punch             |     2 |     6 |    10 |     2 ||    20
  Evoke: Wand              |       |     1 |     4 |       ||     5
    Use: Scroll            |     2 |     4 |     7 |     1 ||    14
         Potion            |       |       |     6 |       ||     6
   Stab: Sleeping          |     1 |       |       |       ||     1
 Armour: Animal skin       |    10 |       |       |       ||    10
         Scale mail        |    20 |    77 |   127 |    15 ||   239
         Skin              |       |       |    25 |     4 ||    29
  Dodge: Dodged            |    34 |   117 |   174 |    16 ||   341
   Form: Storm             |       |       |     1 |       ||     1
         Beast             |       |       |     1 |       ||     1

Illustrated notes

Table legend:
 A = Kills in this place as a percentage of kills in the entire game.
 B = Kills by you in this place as a percentage of kills by you in the entire game.
 C = Kills by friends in this place as a percentage of kills by friends in the entire game.
 D = Other kills in this place as a percentage of other kills in the entire game.
 E = Experience gained in this place as a percentage of experience gained in the entire game.
 F = Experience gained in this place divided by the number of levels of this place that you have seen.
                   A       B       C       D       E      F
               +-------+-------+-------+-------+-------+----------------------
         Total | 100.0 | 100.0 |   N/A |   N/A | 100.0 | 619.3
       Dungeon |  86.9 |  86.9 |   N/A |   N/A |  97.6 | 738.6
         Sewer |  13.1 |  13.1 |   N/A |   N/A |   2.4 | 165.0
               +-------+-------+-------+-------+-------+----------------------

Table legend: (Time is in decaauts)
 A = Elapsed time spent in this place.
 B = Non-inter-level travel time spent in this place.
 C = Inter-level travel time spent in this place.
 D = Time resting spent in this place.
 E = Time spent auto-exploring this place.
 F = Levels seen in this place.
 G = Mean time per level.
                   A        B        C        D        E       F      G
               +--------+--------+--------+--------+--------+-----+--------+
         Total |   8559 |   8237 |    322 |    348 |   6293 |  11 |  778.1 |
       Dungeon |   8207 |   7885 |    322 |    348 |   6149 |   9 |  911.9 |
        Temple |     30 |     30 |      0 |      0 |      0 |   1 |   30.0 |
         Sewer |    320 |    320 |      0 |      0 |    143 |   1 |  320.0 |
               +--------+--------+--------+--------+--------+-----+--------+

Top non-repeatable levels by time:
     D:4: 1580 daAuts
     D:7: 1343 daAuts
     D:6: 1099 daAuts
     D:3: 975 daAuts
     D:1: 897 daAuts
     D:5: 821 daAuts
     D:8: 777 daAuts
     D:2: 675 daAuts
   Sewer: 320 daAuts
     D:9: 35 daAuts
  Temple: 30 daAuts
